 Dungeon Crawl Stone Soup version 0.29-a0-2-g12fcac58f8 (webtiles) character file.

Game seed: 2962293400365735247

22 cyrus the Conjurer (level 2, -3/15 HPs)
             Began as a Tengu Conjurer on Jan 26, 2022.
             Slain by a worm (11 damage)
             ... on level 2 of the Dungeon.
             The game lasted 00:03:42 (983 turns).

cyrus the Conjurer (Tengu Conjurer)                  Turns: 983, Time: 00:03:42

Health: -3/15      AC:  2    Str:  7    XL:     2   Next: 91%
Magic:  2/6        EV: 12    Int: 18    God:
Gold:   78         SH:  0    Dex: 12    Spells: 2/5 levels left

rFire   . . .      SeeInvis .   c - +0 quarterstaff
rCold   . . .      Faith    .   (shield currently unavailable)
rNeg    . . .      Spirit   .   a - +0 robe
rPois   .          Reflect  .   (helmet restricted)
rElec   .          Harm     .   (no cloak)
rCorr   .          Rampage  .   (no gloves)
Will    .....                   (boots unavailable)
Stlth   ++........              (no amulet)
HPRegen 0.05/turn               (no ring)
MPRegen 0.10/turn               (no ring)

@: no status effects
A: beak, talons 3
a: no special abilities


You were on level 2 of the Dungeon.
You visited 1 branch of the dungeon, and saw 2 of its levels.

You collected 78 gold pieces.

Inventory:

Hand Weapons
 b - a +0 short sword
 c - a +0 quarterstaff (weapon)
Armour
 a - a +0 robe (worn)
Scrolls
 e - a scroll of identify {unknown}
 f - a scroll of enchant weapon {unknown}
Potions
 d - a potion of berserk rage {unknown}


   Skills:
 + Level 2.2 Dodging
 + Level 2.1 Stealth
 + Level 2.1 Spellcasting
 + Level 6.2 Conjurations


You had 2 spell levels left.
You knew the following spells:

 Your Spells              Type           Power      Damage    Failure   Level
a - Magic Dart            Conj           96%        1d7       1%          1
b - Searing Ray           Conj           48%        2d6       1%          2

Your spell library contained the following spells:

 Spells                   Type           Power      Damage    Failure   Level
 Dazzling Flash           Conj/Hex       26%        N/A       16%         3
 Fulminant Prism          Conj/Hex       6%         3d7       45%         4
 Iskenderun's Mystic Bla  Conj/Tloc      13%        2d5       45%         4


Dungeon Overview and Level Annotations

Branches:
Dungeon (2/15)

Altars:


Innate Abilities, Weirdness & Mutations

You have a beak for a mouth.
You have claws for feet.


Message History

The magic dart hits the worm.
The worm is moderately wounded.
A jackal comes into view.
The jackal barks!
You hit the jackal.
You kill the jackal!
You barely miss the worm. You claw the worm.
The worm is moderately wounded.
The worm closely misses you.
You barely miss the worm. You peck the worm.
The worm is moderately wounded.
The jackal bites you. The jackal closely misses you.
You completely miss the worm. You peck the worm, but do no damage.
The worm is moderately wounded.
The jackal barely misses you. The worm bites you.
You hit the worm but do no damage. You claw the worm.
The worm is moderately wounded.
The jackal barely misses you. x2; The worm barely misses you.
The jackal bites you but does no damage.
You hit the jackal but do no damage. Your kick misses the jackal.
The jackal barely misses you.
The jackal bites you but does no damage.
You hit the jackal. You claw the jackal, but do no damage.
The jackal is almost dead.
The jackal barely misses you. The jackal closely misses you.
You hit the jackal.
You kill the jackal!
You hit the worm.
The worm is moderately wounded.
The worm misses you.
You hit the worm. You peck the worm.
The worm is severely wounded.
The worm barely misses you.
You hit the worm. You peck the worm, but do no damage.
The worm is severely wounded.
You hit the worm but do no damage.
The worm is severely wounded.
The worm bites you!
Ouch! That really hurt!
You die...

.. .. +.. .. . #.. .. ..
#..###.. ... #....#..
....###### #...<#..
.........# #.......
.........#### +######.##...
#...)....w@.# #.##.........
#.......>##.###.#####......
.........#........###......
.8........####.....##......
...(†.....#................
.⌠.##...#...#......##......
... #...###.#...#####......
.8 ##### #.).#.# #......
###.#.###########


You could see a worm.

Vanquished Creatures
  2 endoplasms
  4 giant cockroaches (D:1)
  2 hobgoblins (D:1)
  4 jackals (D:2)
  A ball python (D:1)
  A bat (D:1)
  2 frilled lizards (D:1)
  A goblin (D:2)
  2 kobolds
  A rat (D:1)
20 creatures vanquished.

Notes
Turn   | Place    | Note
-------+----------+-------------------------------------------
     0 | D:1      | cyrus the Tengu Conjurer began the quest for the Orb.
     0 | D:1      | Reached XP level 1. HP: 10/10 MP: 4/4
   275 | D:1      | Reached XP level 2. HP: 15/15 MP: 3/6
   653 | D:1      | Reached skill level 6 in Conjurations
   656 | D:1      | Learned a level 2 spell: Searing Ray
   983 | D:2      | Slain by a worm

Illustrated notes

Levels and vault maps discovered:
D:1:      psy_arrival_dodecagon, layout_loops_ring, minmay_pentomino_u2
D:2:      layout_basic, basic_altar, serial_rivers,
          chequers_serial_rivers_micro_b, chequers_serial_rivers_room_a,
          chequers_serial_rivers_small_3, chequers_serial_rivers_room_a,
          chequers_serial_rivers_micro_c, hellmonk_ecumenical_altar_dog_temple,
          uniq_jessica

Skill      XL: |  1  2 |
---------------+-------+-----
Conjurations   | 6 |  6.2
Dodging        | |  2.2
Stealth        | |  2.1
Spellcasting   | |  2.1

Action                   || total
-------------------------++-------
Melee: Quarterstaff      ||    12
       Peck              ||     4
       Kick              ||     3
 Cast: Magic Dart        ||    27
  Use: Scroll            ||     1
Armor: Robe              ||     2
Dodge: Dodged            ||    11

Table legend: (Time is in decaauts)
 A = Elapsed time spent in this place.
 B = Non-inter-level travel time spent in this place.
 C = Inter-level travel time spent in this place.
 D = Time resting spent in this place.
 E = Time spent auto-exploring this place.
 F = Levels seen in this place.
 G = Mean time per level.
                   A        B        C        D        E       F      G
               +--------+--------+--------+--------+--------+-----+--------+
         Total |    985 |    985 |      0 |    147 |    666 |   2 |  492.5 |
       Dungeon |    985 |    985 |      0 |    147 |    666 |   2 |  492.5 |
               +--------+--------+--------+--------+--------+-----+--------+

Top non-repeatable levels by time:
     D:1: 873 daAuts
     D:2: 112 daAuts
